 Dungeon Crawl Stone Soup version 0.22-a0-192-g6ffc940 (webtiles) character file.

59 vishdafish the Bolt Thrower (level 3, 17/27 HPs)
             Began as a Demonspawn Hunter on Feb 16, 2018.
             Quit the game on level 2 of the Dungeon.
             The game lasted 00:00:31 (959 turns).

vishdafish the Bolt Thrower (Demonspawn Hunter)      Turns: 959, Time: 00:00:32

Health: 17/27      AC:  3    Str: 13    XL:     3   Next: 78%
Magic:  2/3        EV: 12    Int: 12    God:
Gold:   42         SH:  0    Dex: 13    Spells: 2/2 levels left

rFire    . . .     SeeInvis .   a - +1 hand crossbow
rCold    . . .     Gourm    .   (no shield)
rNeg     . . .     Faith    .   c - +0 leather armour
rPois    .         Spirit   +   (helmet restricted)
rElec    .         Reflect  .   (no cloak)
rCorr    .         Harm     .   (no gloves)
MR       .....                  (no boots)
Stlth    +.........             (no amulet)
HPRegen  0.09/turn              (no ring)
MPRegen  0.08/turn              (no ring)

@: no status effects
A: horns 1, magic shield
a: no special abilities


You were on level 2 of the Dungeon.
You were not hungry.

You visited 1 branch of the dungeon, and saw 2 of its levels.

You collected 42 gold pieces.

Inventory:

Hand Weapons
 a - a +1 hand crossbow (weapon)
 b - a +0 short sword
Missiles
 d - 6 bolts (quivered)
Armour
 c - a +0 leather armour (worn)
Scrolls
 g - 2 scrolls of enchant weapon {unknown}
 h - a scroll of identify {unknown}
 i - a scroll of noise {unknown}
 l - a scroll of remove curse {unknown}
Potions
 e - a potion of might {unknown}
 j - 2 potions of heal wounds {unknown}
 k - a potion of invisibility {unknown}
Comestibles
 f - a ration


   Skills:
 + Level 2.2 Fighting
 + Level 4.8 Crossbows
 + Level 1.8 Dodging
 + Level 0.8 Stealth


You had 2 spell levels left.
You didn't know any spells.

Dungeon Overview and Level Annotations

Branches:
Dungeon (2/15)

Altars:
Dithmenos


Innate Abilities, Weirdness & Mutations

You have a pair of small horns on your head.
When hurt, damage is shared between your health and your magic reserves.


Message History

Press: ? - help, Shift-Dir - straight line, f - orc
Aim: an orc You shoot a bolt.
The bolt barely misses the orc.
The orc hits you but does no damage.
There are monsters nearby!
Firing (i - inventory)
d - 8 bolts (quivered)
Press: ? - help, Shift-Dir - straight line, f/p - orc
Aim: an orc You shoot a bolt.
The bolt hits the orc!
You kill the orc!
The orc wizard points at you and mumbles some strange words.
The puff of flame misses you.
An orc wizard is nearby!
Firing (i - inventory)
d - 7 bolts (quivered)
Press: ? - help, Shift-Dir - straight line, f - orc wizard
Aim: an orc wizard, wielding a dagger and wearing a robe You shoot a bolt.
The bolt hits the orc wizard!
The orc wizard is heavily wounded.
The orc wizard hits you but does no damage.
Are you sure you want to abandon this character and quit the game? (Confirm with "yes".)

....##......########...........
....##.)....# ##.....#..##..
###.##......# #.....###.... #
#.).......# #.##..# ..## #
#####.†#.## ####.###..#. ## #
##.#..# #.....##.... #
#......#............ #
##..##.....##....... #
##..##..@## #..._.. #
#...###o.# ...... #.#....(...
...... #.##..##(..# (...$ ..
..## ..#.. .. #.# ... .. .##
...


You could see an orc wizard.

Vanquished Creatures
  An orc priest (D:2)
  A worm (D:2)
  A dart slug (D:1)
  2 leopard geckos
  An orc (D:2)
  A giant cockroach (D:1)
  2 goblins
  3 hobgoblins
  3 jackals (D:2)
  2 kobolds
  2 bats (D:1)
  A frilled lizard (D:1)
  2 rats (D:1)
22 creatures vanquished.

Notes
Turn   | Place    | Note
-------+----------+-------------------------------------------
     0 | D:1      | vishdafish the Demonspawn Hunter began the quest for the Orb.
     0 | D:1      | Reached XP level 1. HP: 16/16 MP: 1/1
   337 | D:1      | Reached skill level 4 in Crossbows
   486 | D:1      | Gained mutation: You have a pair of small horns on your head. [demonic ancestry]
   486 | D:1      | Reached XP level 2. HP: 22/22 MP: 2/2
   943 | D:2      | Found a shadowy altar of Dithmenos.
   948 | D:2      | Gained mutation: When hurt, damage is shared between your health and your magic reserves. [demonic ancestry]
   948 | D:2      | Reached XP level 3. HP: 27/27 MP: 3/3
   959 | D:2      | Quit the game

Vault maps used:
D:1:      dpeg_arrival_castle
D:2:      first_ration, nicolae_dithmenos_shadow_blocks

Skill      XL: |  1 |
---------------+----+-----
Crossbows      | 4 |  4.8
Fighting       | |  2.2
Dodging        | |  1.8
Stealth        | |  0.8

Action                   || total
-------------------------++-------
 Fire: Hand crossbow     ||    44
Armor: Leather armour    ||     3
Dodge: Dodged            ||     5

Table legend:
 A = Spawn XP
 B = Non-spawn XP
 C = Spawn XP percentage of total XP
 D = Spawn monster count
 E = Non-spawn monster count
 F = Spawn count percentage of total count
 G = Total turns spent on level
                    A         B        C        D         E        F      G
               +---------+---------+-------+---------+---------+-------+---------
         Total |       0 |      85 |   0.0 |       0 |      22 |   0.0 |   959
               +---------+---------+-------+---------+---------+-------+---------
           D:1 |       0 |      22 |   0.0 |       0 |      12 |   0.0 |   853
           D:2 |       0 |      63 |   0.0 |       0 |      10 |   0.0 |   106
               +---------+---------+-------+---------+---------+-------+---------
